 Dungeon Crawl Stone Soup version 0.31-a0-426-g3a05650e59 (webtiles) character file.

Game seed: 6136668605898926897

28312 Maxmaps the Mimic (level 13, -6/95 HPs)
             Began as an Octopode Shapeshifter on July 30, 2023.
             Was an Initiate of Gozag.
             Mangled by Rupert
             ... wielding a +2 great mace of protection
              (37 damage)
             ... on level 12 of the Dungeon.
             The game lasted 00:19:11 (15000 turns).

Maxmaps the Mimic (Octopode Shapeshifter)          Turns: 15000, Time: 00:19:12

Health: -6/95      AC:  5    Str: 24    XL:     13   Next: 38%
Magic:  0/22       EV: 18    Int: 28    God:    Gozag
Gold:   2298       SH:  0    Dex: 15    Spells: 12/12 levels left

rFire   + .          .
                       - Unarmed
rCold   . . .        (shield currently unavailable)
rNeg    . . .        g - +0 hat of Fun and Games {+Inv Str+4 Int+3 Dex+3}
rPois   +            m - amulet of guardian spirit
rElec   .            h - +6 ring of strength
rCorr   .            i - +4 ring of slaying
SInv    .            o - +4 ring of protection
Will    .....        p - ring "Jiunepre" {rPois Int+3}
Stlth   ++++         B - ring of protection from fire
HPRegen 0.35/turn    n - ring of magical power
MPRegen 0.18/turn    v - +6 ring of intelligence
                     (no ring)

%: guardian spirit
@: mighty, blade tentacles, hasted, very quick
A: almost no armour, amphibious, 8 rings, camouflage 1, gelatinous body 1,
(nimble swimmer 1), tentacles
a: Begin Untransformation, Renounce Religion, Evoke Invisibility, Potion
Petition, Call Merchant, Bribe Branch


You were on level 12 of the Dungeon.
You worshipped Gozag.
Gozag was most pleased with you.
You had blades for main tentacles.
You visited 3 branches of the dungeon, and saw 15 of its levels.
You also visited: Ossuary.

You collected 4205 gold pieces.
You spent 454 gold pieces at shops.
You paid 1453 gold pieces to Gozag.

Inventory:

Armour
 g - the +0 hat of Fun and Games (worn) {+Inv Str+4 Int+3 Dex+3}
   (You acquired it on level 3 of the Dungeon)

   Str:       It affects your strength (+4).
   Int:       It affects your intelligence (+3).
   Dex:       It affects your dexterity (+3).
   +Inv:      It lets you turn invisible.
Jewellery
 h - a +6 ring of strength (left blade tentacle)
 i - a +4 ring of slaying (right blade tentacle)
 m - an amulet of guardian spirit (around mantle)
 n - a ring of magical power (on tentacle)
 o - a +4 ring of protection (on tentacle)
 p - the ring "Jiunepre" (on tentacle) {rPois Int+3}
   (You found it on level 4 of the Dungeon)

   [ring of poison resistance]

   Int:       It affects your intelligence (+3).
   rPois:     It protects you from poison.
 v - a +6 ring of intelligence (on tentacle)
 B - a ring of protection from fire (on tentacle)
 J - a ring of flight
Talismans
 b - a beast talisman
 r - a blade talisman (active)
Wands
 y - a wand of paralysis (10)
 F - a wand of flame (38)
 G - a wand of digging (5)
 H - a wand of roots (4)
 I - a wand of mindburst (7)
Scrolls
 c - 2 scrolls of vulnerability
 k - 2 scrolls of poison
 s - 2 scrolls of identify
 t - 4 scrolls of amnesia
 z - 5 scrolls of teleportation
 C - 2 scrolls of summoning
 K - a scroll of enchant armour {unknown}
 L - a scroll of revelation
 M - 2 scrolls of brand weapon
Potions
 a - a potion of lignification
 d - 2 potions of resistance
 e - 3 potions of enlightenment
 f - 3 potions of brilliance
 j - a potion of haste
 l - 2 potions of mutation
 q - 5 potions of degeneration
 u - 8 potions of curing
 w - 6 potions of heal wounds
 x - a potion of ambrosia
 A - 2 potions of might
 D - a potion of invisibility
 E - a potion of magic


   Skills:
 - Level 11.1 Fighting
 - Level 10.2 Dodging
 - Level 6.3 Stealth
 + Level 9.5 Unarmed Combat
 - Level 12.1 Shapeshifting


You had 12 spell levels left.
You didn't know any spells.
Your spell library contained the following spells:

 Spells                   Type           Power      Damage    Failure   Level
 Magic Dart               Conj           0%         1d3       47%         1
 Slow                     Hex            0%         N/A       47%         1
 Call Imp                 Summ           0%         N/A       58%         2
 Confusing Touch          Hex            0%         N/A       75%         3
 Inner Flame              Hex/Fire       0%         N/A       75%         3
 Mephitic Cloud           Conj/Pois/Air  0%         N/A       75%         3
 Portal Projectile        Hex/Tloc       0%         N/A       75%         3
 Tukima's Dance           Hex            0%         N/A       75%         3
 Vampiric Draining        Necr           0%         2d6       75%         3
 Flame Wave               Conj/Fire      0%         2d4       96%         4
 Iskenderun's Mystic Bla  Conj/Tloc      0%         2d3       96%         4
 Sticky Flame             Conj/Fire      0%         2d3       96%         4


Dungeon Overview and Level Annotations

Branches:
Dungeon (12/15)            Temple (1/1) D:7            Lair (0/5) D:10
    Orc (2/2) D:10            Elf (0/3) Orc:2       Ossuary (visited)

Altars:
Ashenzari
Cheibriados
Dithmenos
Elyvilon
Fedhas
Gozag
Hepliaklqana
Kikubaaqudgha
Makhleb
Nemelex Xobeh
Okawaru
Qazlal
Ru
Sif Muna
Trog
Uskayaw
Vehumet
Wu Jian
Xom
Yredelemnul
Zin
The Shining One

Shops:
D:2 ?   D:6 !   D:8 [   D:10 (   D:11 (   Orc:1 *   Orc:2 [*[:

Annotations:
D:8 exclusion: orange crystal statue
D:10 3 runed translucent doors, randomguy2701's ghost, journeyman MiFi
D:12 Rupert


Innate Abilities, Weirdness & Mutations

You have blades for main tentacles.
Your spellcasting is less reliable in this form.
You are incapable of wielding weapons or throwing items.
You cannot wear most types of armour.
You are amphibious.
You can wear up to eight rings at the same time.
Your skin changes colour to match your surroundings (Stealth+).
Your rubbery body absorbs attacks. (AC +1, EV +1)
((You are camouflaged when in or above water. (Stealth+)))
You have tentacles for arms and can constrict up to eight enemies at once.


Message History

You kill the electric eel!
You hear a splash.
No target in view!
No target in view!
Magic restored.
You now have 2298 gold pieces (gained 4).
You open the door.
There is an open door here.
You enter the shallow water.
There is an open door here.
Rupert the Wild comes into view.
He is wielding a +2 great mace of protection.
Found 17 gold pieces.
Rupert shouts!
Rupert roars madly and goes into a rage!
Rupert goes berserk!
Rupert is nearby!
Rupert hits you with a +2 great mace of protection!
Rupert is nearby!
Rupert is nearby!
You shred Rupert!!! You grab Rupert. You squeeze Rupert.
Rupert is moderately wounded.
You constrict Rupert. Rupert completely misses you.
Rupert hits you with a +2 great mace of protection!!!
You shred Rupert!!! You squeeze Rupert!
Rupert is severely wounded.
You constrict Rupert.
Rupert hits you with a +2 great mace of protection!
You are too injured to fight recklessly!
Unknown command.
You completely miss Rupert.
Rupert is severely wounded.
You constrict Rupert.
Rupert hits you with a +2 great mace of protection!
Unknown command.
You feel yourself speed up.
You constrict Rupert. Rupert misses you.
You feel very mighty all of a sudden.
You constrict Rupert.
Rupert hits you with a +2 great mace of protection!!!
You die...
Your body crumbles into a pile of gold.

#.........._.............
###...........(............
...........#...#...........
...........##.##...........
###..................>.....
#.......................
#..####............... #..#
#..#####........ #..# #..#
#@....... ###'#####..#
#@....... #......##..#
#...>....
#.~≈≈≈.##..#####......$.
#.≈≈≈≈.#................
#.~≈≈~.#...<............
#.~~≈~.##..#####..######
#.~~≈~.##..# #..#
#.~≈≈~.##(.#


You could see Rupert (berserk).

Vanquished Creatures
  An orc warlord (Orc:1)
  Snorg (D:12)
  Erica (Orc:1)
  A boulder beetle (D:11)
  2 orc high priests (Orc:1)
  Sonja (D:12)
  A deep elf archer (Orc:1)
  Pikel (Temple)
  2 orc knights
  2 deep elf zephyrmancers
  A deep elf pyromancer (D:9)
  2 ugly things (D:11)
  2 cyclopes (D:11)
  9 orc sorcerers
  A centaur zombie (D:10)
  2 kobold demonologists (D:11)
  A komodo dragon (D:11)
  Maggie (D:6)
  An unseen horror zombie (D:10)
  8 trolls
  2 hornets
  3 slime creatures (D:12)
  A shadow (D:9)
  A vampire (D:11)
  4 wraiths
  16 yaks
  A wyvern (D:7)
  Grum (D:8)
  A steam dragon (D:9)
  An acid dragon (D:11)
  9 wargs
  A water moccasin (Temple)
  An ice beast (D:8)
  20 orc warriors
  A swamp drake (D:9)
  A black bear (D:4)
  6 ogres
  5 centaurs
  3 wolves (D:7)
  6 kobold brigands
  2 bullfrogs
  3 scorpions (D:5)
  14 wights
  4 killer bees (D:9)
  3 howler monkeys
  An electric eel (D:12)
  A crimson imp (D:9)
  7 hounds
  A jelly (D:5)
  An iron imp (D:9)
  14 orc priests
  4 iguanas
  39 orc wizards
  8 mummies (Ossuary)
  8 adders
  5 gnolls
  2 shadow imps
  3 white imps
  An ufetubus (D:6)
  A worm (D:4)
  57 orcs
  3 bats
  7 endoplasms
  2 giant cockroaches
  2 gnoll zombies (Ossuary)
  10 goblins
  12 hobgoblins
  5 quokkas
  7 ball pythons
  4 frilled lizards
  A hobgoblin zombie (Ossuary)
  20 kobolds
  3 kobold zombies (Ossuary)
  2 orc zombies (Ossuary)
  4 rats
386 creatures vanquished.

Vanquished Creatures (others)
  An orc wizard (D:9)
  An orc (Orc:1)
2 creatures vanquished.

Grand Total: 388 creatures vanquished

Notes
Turn   | Place    | Note
-------+----------+-------------------------------------------
     0 | D:1      | Maxmaps the Octopode Shapeshifter began the quest for the
                  | Orb.
     0 | D:1      | Reached XP level 1. HP: 13/13 MP: 1/1
   243 | D:1      | Reached XP level 2. HP: 19/19 MP: 2/2
   594 | D:1      | Reached XP level 3. HP: 25/25 MP: 3/3
   721 | D:1      | Found a faded altar of an unknown god.
  1034 | D:2      | Reached XP level 4. HP: 27/33 MP: 2/4
  1109 | D:2      | Found Hohid's Magic Scroll Emporium.
  1112 | D:2      | Bought a scroll of identify for 22 gold pieces
  1545 | D:3      | Found an ornate altar of the Wu Jian Council.
  1554 | D:3      | Identified a scroll of acquirement
  1554 | D:3      | Acquired the +0 hat of Fun and Games {+Inv Str+4 Int+3
                  | Dex+3}
  1626 | D:3      | Found a sparkling altar of Nemelex Xobeh.
  1772 | D:3      | Reached XP level 5. HP: 38/38 MP: 5/5
  1941 | D:4      | Noticed a black bear
  1952 | D:4      | Killed a black bear
  1953 | D:4      | Reached skill level 5 in Fighting
  1954 | D:4      | Reached XP level 6. HP: 18/46 MP: 2/6
  2091 | D:4      | Reached skill level 1 in Stealth
  2116 | D:4      | Identified the ring "Jiunepre" {rPois Int+3}
  2249 | D:4      | Found a hide-covered altar of Uskayaw.
  2574 | D:4      | Found an opulent altar of Gozag.
  2579 | D:4      | Became a worshipper of Gozag Ym Sagoz the Greedy
  2600 | D:5      | Entered Level 5 of the Dungeon
  2605 | D:5      | Reached XP level 7. HP: 47/52 MP: 5/7
  2607 | D:5      | Reached skill level 5 in Stealth
  3232 | D:5      | Found a glowing silver altar of Zin.
  3512 | D:6      | Reached XP level 8. HP: 54/57 MP: 6/8
  3843 | D:6      | Reached skill level 5 in Dodging
  3862 | D:6      | Noticed Maggie
  4039 | D:6      | Killed Maggie
  4626 | D:6      | Found Mutu's Distillery.
  4877 | D:2      | Bought a scroll of teleportation for 33 gold pieces
  4877 | D:2      | Bought a scroll of identify for 22 gold pieces
  4877 | D:2      | Bought a scroll of summoning for 104 gold pieces
  4877 | D:2      | Bought a scroll of teleportation for 33 gold pieces
  4994 | D:6      | Bought 2 potions of invisibility for 160 gold pieces
  4994 | D:6      | Bought a potion of magic for 80 gold pieces
  5162 | D:7      | Found a staircase to the Ecumenical Temple.
  5166 | D:7      | Noticed Pikel
  5175 | Temple   | Entered the Ecumenical Temple
  5184 | Temple   | Killed Pikel
  5185 | Temple   | Reached XP level 9. HP: 46/62 MP: 7/9
  5949 | D:8      | Noticed Grum
  5949 | D:8      | Found a sand-covered staircase.
  6101 | D:8      | Killed Grum
  6134 | Ossuary  | Entered an ossuary
  6396 | D:8      | Noticed an orange crystal statue
  6401 | D:8      | Found Ogek's Antique Armour Boutique.
  6539 | D:8      | Found a shimmering altar of Xom.
  6539 | D:8      | Found a broken altar of Ashenzari.
  6676 | D:8      | Identified the +3 hand axe "Zosh" {antimagic, rPois rF+
                  | rC++ Stlth-}
  6804 | D:8      | Noticed a hornet
  6809 | D:8      | Paralysed by a hornet for 1 turns
  6812 | D:8      | Killed a hornet
  6813 | D:8      | Reached XP level 10. HP: 45/68 MP: 6/10
  6960 | D:8      | Reached skill level 4 in Shapeshifting
  7039 | D:8      | Reached skill level 5 in Shapeshifting
  7078 | D:8      | Reached skill level 6 in Shapeshifting
  7522 | D:9      | Reached skill level 7 in Shapeshifting
  7857 | D:9      | Noticed a deep elf pyromancer
  7861 | D:9      | Killed a deep elf pyromancer
  7869 | D:9      | Noticed a deep elf zephyrmancer
  7877 | D:9      | Killed a deep elf zephyrmancer
  7878 | D:9      | Reached skill level 8 in Shapeshifting
  7984 | D:9      | Reached XP level 11. HP: 72/72 MP: 11/11
  8118 | D:9      | Reached skill level 9 in Shapeshifting
  8310 | D:9      | Found an ancient bone altar of Kikubaaqudgha.
  8392 | D:9      | Found a shimmering blue altar of Sif Muna.
  8557 | D:10     | Entered Level 10 of the Dungeon
  8575 | D:10     | Found a staircase to the Lair.
  8651 | D:10     | Found Duclaed's Weapon Emporium.
  8651 | D:10     | Found a staircase to the Orcish Mines.
  8758 | D:10     | Found a white marble altar of Elyvilon.
  8865 | D:10     | Found a bloodstained altar of Trog.
  8956 | D:10     | Found a runed translucent gate.
  8956 | D:10     | Found a runed translucent gate.
  8956 | D:10     | Found a runed translucent gate.
  8956 | D:10     | Noticed randomguy2701's ghost (journeyman MiFi)
  8958 | D:10     | Found a basalt altar of Yredelemnul.
  8970 | D:10     | Reached skill level 10 in Shapeshifting
  9125 | D:10     | Found a blossoming altar of Fedhas.
  9129 | D:10     | Found a shadowy altar of Dithmenos.
  9468 | D:11     | Noticed a cyclops
  9472 | D:11     | Noticed a red ugly thing
  9478 | D:11     | Killed a cyclops
  9485 | D:11     | Killed a red ugly thing
  9943 | D:11     | Reached skill level 11 in Shapeshifting
 10094 | D:11     | Noticed a cyclops
 10102 | D:11     | Killed a cyclops
 10279 | D:11     | Noticed a brown ugly thing
 10286 | D:11     | Killed a brown ugly thing
 10320 | D:11     | Found Cimawot's Weapon Shoppe.
 10426 | D:11     | Noticed a boulder beetle
 10437 | D:11     | Killed a boulder beetle
 10438 | D:11     | Reached XP level 12. HP: 71/79 MP: 12/12
 10585 | Orc:1    | Entered Level 1 of the Orcish Mines
 10597 | Orc:1    | Reached skill level 12 in Shapeshifting
 10639 | Orc:1    | Found Kaucsom's General Store.
 10856 | Orc:2    | Entered Level 2 of the Orcish Mines
 10942 | Orc:2    | Found a staircase to the Elven Halls.
 11006 | Orc:1    | Noticed Erica
 11006 | Orc:1    | Noticed an orc high priest
 11164 | Orc:1    | Killed Erica
 11466 | Orc:1    | Killed an orc high priest
 11861 | Orc:1    | Noticed an orc high priest
 11870 | Orc:1    | Noticed an orc warlord
 11872 | Orc:1    | Killed an orc high priest
 11873 | Orc:1    | Reached skill level 10 in Fighting
 11883 | Orc:1    | HP: 4/87 [orc warlord/+0 broad axe (18)]
 11885 | Orc:1    | Killed an orc warlord
 12702 | Orc:2    | Found a shimmering altar of Xom.
 12758 | Orc:2    | Found Hiudeytel's Book Boutique.
 12758 | Orc:2    | Found Diastrust's Armour Shoppe.
 12759 | Orc:2    | Noticed a soul eater
 12909 | Orc:2    | Paralysed by an orc sorcerer for 4 turns
 12916 | Orc:2    | Reached XP level 13. HP: 64/85 MP: 13/13
 13254 | Orc:2    | Found Etofyr's Antique Armour Shoppe.
 13254 | Orc:2    | Found Ninuidug's General Store.
 14145 | D:12     | Found an iron altar of Okawaru.
 14161 | D:12     | Noticed Snorg
 14168 | D:12     | Noticed Sonja
 14171 | D:12     | Killed Snorg
 14172 | D:12     | Reached skill level 10 in Dodging
 14182 | D:12     | Killed Sonja
 14993 | D:12     | Noticed Rupert
 15000 | D:12     | Mangled by Rupert

Illustrated notes

Levels and vault maps discovered:
D:1:      dpeg_arrival_snail, layout_basic,
          hellmonk_ecumenical_altar_leap_of_faith,
          chequers_serial_rivers_micro_b
D:2:      layout_loops_ring, serial_shops, nicolae_shop_rolled_up,
          minmay_surrounded
D:3:      layout_rooms, mainiacjoe_overflow_boulevard,
          nicolae_overflow_hidden_temple
D:4:      layout_cave_pools, marbit_many_paths, kennysheep_little_box, hex_tiny
D:5:      layout_loops_ring, kennysheep_mini
D:6:      layout_basic, serial_shops, shop, roderic_serpentine_path, uniq_maggie
D:7:      layout_basic, minmay_temple_entry_slanted, st_stairs_3, minivault_1,
          uniq_pikel
D:8:      layout_rooms, gammafunk_temple_overflow_elements, enter_ossuary_3,
          serial_shops, shop, disabler_island, uniq_grum
D:9:      layout_basic, kiku_gazebo_pond_becter, lemuel_blue_sif_altar,
          hangedman_minor_magic
D:10:     layout_basic, nicolae_yredelemnul_ghost_church, lemuel_doored_altar,
          grunt_temple_overflow_open, mainiacjoe_overflow_24_doors, orc_david_3
D:11:     layout_gridville, gauntlet_entry_generic, serial_shops,
          nicolae_shop_tiny_waterfront
D:12:     layout_small_grid, hangedman_decor_clover_reticule,
          chequers_serial_rivers_small_b, nrook_pool_corridor,
          okawaru_gym_becter, uniq_snorg, uniq_sonja, uniq_rupert
Temple:   pf_temple_reverse_labyrinth
Orc:1:    layout_caves, serial_shops, shop, elf_legates, uniq_erica
Orc:2:    st_orc_town, layout_diamond_mine, hangedman_feature_mirror

Skill      XL: |  1  2  3  4  5  6  7  8  9 10 11 12 13 |
---------------+----------------------------------------+-----
Fighting       | 2 3 4 5 6 11 | 11.1
Stealth        | 4 6 |  6.3
Dodging        | 4 7 10 | 10.2
Unarmed Combat | 6 9 |  9.5
Shapeshifting  | 8 11 12 | 12.1

Action                     |  1- 3 |  4- 6 |  7- 9 | 10-12 | 13-15 || total
---------------------------+-------+-------+-------+-------+-------++-------
  Melee: Unarmed           |    51 |    79 |   167 |   387 |   131 ||   815
         Constrict         |     6 |    22 |    45 |    68 |    26 ||   167
         Tentacles         |     5 |    18 |    40 |    76 |    29 ||   168
         Punch             |     1 |     3 |     8 |    22 |     6 ||    40
 Invoke: Potion Petition   |       |       |       |     3 |       ||     3
    Use: Scroll            |       |     9 |     9 |     2 |     4 ||    24
         Potion            |       |       |     2 |     3 |     3 ||     8
   Stab: Sleeping          |     5 |     9 |     7 |    18 |       ||    39
         Distracted        |       |       |       |     2 |     2 ||     4
         Invisible         |       |       |       |       |     2 ||     2
 Armour: Skin              |     2 |    17 |    33 |    66 |    15 ||   133
  Dodge: Dodged            |    26 |    46 |   115 |   259 |    64 ||   510
         Form:             |       |     1 |       |       |       ||     1
         Blade             |       |       |       |     1 |       ||     1

Table legend: (Time is in decaauts)
 A = Elapsed time spent in this place.
 B = Non-inter-level travel time spent in this place.
 C = Inter-level travel time spent in this place.
 D = Time resting spent in this place.
 E = Time spent auto-exploring this place.
 F = Levels seen in this place.
 G = Mean time per level.
                   A        B        C        D        E       F      G
               +--------+--------+--------+--------+--------+-----+--------+
         Total |  14878 |  14158 |    720 |   2944 |   8949 |  16 |  929.9 |
       Dungeon |  11141 |  10540 |    601 |   1549 |   7366 |  12 |  928.4 |
        Temple |     76 |     76 |      0 |     56 |      0 |   1 |   76.0 |
  Orcish Mines |   3434 |   3315 |    119 |   1339 |   1431 |   2 | 1717.0 |
       Ossuary |    226 |    226 |      0 |      0 |    152 |   1 |  226.0 |
               +--------+--------+--------+--------+--------+-----+--------+

Top non-repeatable levels by time:
   Orc:2: 2186 daAuts
     D:6: 1451 daAuts
     D:9: 1313 daAuts
    D:11: 1279 daAuts
   Orc:1: 1247 daAuts
     D:7: 980 daAuts
     D:8: 895 daAuts
    D:12: 866 daAuts
     D:5: 838 daAuts
     D:2: 804 daAuts
    D:10: 791 daAuts
     D:1: 775 daAuts
     D:4: 682 daAuts
     D:3: 463 daAuts
 Ossuary: 226 daAuts
